Map: World of Sleepers LE

Players

Khun (Ranger) - Winner!

  • Race: Protoss Protoss
  • Spawn Location: 1:00

Enrique (Quantel)

  • Race: Protoss Protoss
  • Spawn Location: 7:00

Event: SEA Games 2019

VOD

https://youtu.be/_oi8pK5HUEI

Description

Time

  • Played on: Dec. 5, 2019, 10:51 p.m.
  • Length: 12:24

All games in this series

Show
View Real Time Build Order
Export as new Build Order

Khun Protoss - Winner!

Build Orders: Phoenix Opening 

Get SALT Encoding   

  12  0:00  Probe  
  13  0:12  Probe  
  14  0:17  Pylon  
  14  0:25  Probe (Chrono Boost)  
  15  0:36  Gateway  
  15  0:37  Probe (Chrono Boost)  
  16  0:42  Assimilator  
  16  0:45  Probe (Chrono Boost)  
  17  0:53  Probe (Chrono Boost)  
  17  0:55  Assimilator  
  18  1:06  Probe (Chrono Boost)  
  19  1:12  Gateway  
  19  1:14  Probe (Chrono Boost)  
  20  1:20  Probe  
  21  1:26  Cybernetics Core  
  21  1:32  Probe  
  22  1:37  Pylon  
  22  1:44  Probe  
  23  1:56  Probe  
  24  2:04  Warp Gate (Chrono Boost)  
  24  2:07  Stalker, Sentry  
  28  2:20  Pylon  
  28  2:24  Pylon  
  28  2:40  Stalker x2  
  28  2:41  Phoenix  
  32  2:49  Robotics Facility  
  32  3:03  Gateway  
  32  3:05  Probe  
  33  3:23  Nexus  
  33  3:34  Warp Prism (Chrono Boost)  
  33  3:41  Probe  
  36  3:53  Adept  
  37  3:57  Pylon  
  37  3:58  Adept  
  39  4:05  Shield Battery  
  39  4:18  Sentry x2  
  43  4:25  Immortal (Chrono Boost)  
  47  4:34  Pylon  
  47  4:57  Observer  
  47  4:58  Robotics Bay  
  48  5:02  Adept x2  
  48  5:03  Sentry  
  52  5:14  Probe x2 (Chrono Boost)  
  52  5:26  Probe x2 (Chrono Boost)  
  52  5:27  Phoenix  
  54  5:33  Probe x2 (Chrono Boost)  
  56  5:35  Adept  
  56  5:36  Adept  
  56  5:40  Probe  
  62  5:46  Adept  
  61  5:53  Disruptor (Chrono Boost)  
  61  5:54  Gateway  
  64  6:01  Stalker x2  
  68  6:07  Shield Battery  
  68  6:10  Stalker  
  70  6:23  Pylon  
  70  6:24  Pylon  
  70  6:32  Stalker x2  
  60  6:48  Stalker  
  48  7:01  Stalker  
  48  7:02  Stalker  
  48  7:06  Probe x2  
  54  7:09  Assimilator  
  54  7:11  Twilight Council, Warp Prism (Chrono Boost)  
  54  7:13  Assimilator  
  56  7:20  Probe  
  56  7:21  Adept  
  59  7:23  Probe  
  60  7:32  Probe  
  61  7:54  Stalker x2  
  61  7:55  Stalker x2  
  64  8:12  Probe  
  59  8:19  Adept x2  
  58  8:20  Probe  
  58  8:27  Adept x2  
  58  8:28  Probe  
  58  8:33  Warp Prism (Chrono Boost)  
  63  8:34  Charge (Chrono Boost)  
  63  8:37  Probe (Chrono Boost)  
  66  8:42  Probe (Chrono Boost), Gateway  
  66  8:44  Gateway  
  68  8:53  Probe (Chrono Boost), Sentry  
  68  8:54  Zealot  
  68  8:55  Probe (Chrono Boost)  
  73  9:00  Probe  
  74  9:05  Pylon  
  74  9:11  Immortal (Chrono Boost)  
  74  9:16  Probe  
  79  9:20  Sentry  
  79  9:21  Sentry  
  83  9:24  Adept  
  85  9:42  Forge  
  85  9:43  Immortal  
  89  9:48  Adept  
  89  9:49  Adept  
  87  10:04  Zealot x2  
  87  10:05  Zealot  
  91  10:08  Pylon  
  91  10:09  Zealot  
  91  10:16  Protoss Ground Weapons Level 1 (Chrono Boost)  
  91  10:22  Templar Archives  
  91  10:28  Zealot  
  75  10:43  Zealot x3  
  73  10:51  Zealot x4  
  73  10:55  Nexus  
  81  11:05  Disruptor  
  84  11:12  Zealot x3  
  90  11:24  High Templar x2  
  94  11:27  Pylon  
  94  11:29  Pylon  
  88  11:35  Zealot x2  
  90  11:44  Immortal (Chrono Boost)  
  88  11:50  Probe  
  88  11:52  High Templar x2  
  91  11:55  Archon  
  91  11:56  Archon  
  90  12:07  Probe x2 (Chrono Boost)  
  90  12:08  Probe (Chrono Boost)  
  93  12:12  Assimilator  
  93  12:16  Assimilator  
  93  12:17  Probe x2 (Chrono Boost)  
Show
View Real Time Build Order
Export as new Build Order

Enrique Protoss 

Build Orders: Colossus Rush 

Get SALT Encoding   

  12  0:00  Probe  
  13  0:12  Probe  
  14  0:16  Pylon  
  14  0:24  Probe (Chrono Boost)  
  16  0:37  Probe (Chrono Boost)  
  16  0:38  Gateway  
  16  0:42  Probe (Chrono Boost)  
  16  0:45  Assimilator  
  17  0:51  Probe  
  17  0:54  Assimilator  
  18  1:03  Probe (Chrono Boost)  
  19  1:06  Gateway  
  19  1:13  Probe (Chrono Boost)  
  19  1:17  Probe (Chrono Boost)  
  20  1:25  Cybernetics Core  
  21  1:29  Probe  
  22  1:36  Pylon  
  22  1:41  Probe  
  23  1:59  Probe  
  18  2:01  Stalker x2, Warp Gate  
  28  2:08  Pylon  
  28  2:30  Gateway  
  28  2:31  Stalker  
  28  2:32  Stalker  
  32  2:48  Robotics Facility  
  32  3:03  Pylon  
  32  3:15  Nexus  
  32  3:24  Pylon  
  32  3:34  Immortal (Chrono Boost)  
  32  3:35  Probe  
  37  3:46  Robotics Bay  
  37  3:47  Probe  
  38  4:00  Sentry x2  
  42  4:06  Probe  
  43  4:13  Warp Prism  
  45  4:18  Probe  
  45  4:22  Pylon  
  46  4:29  Probe  
  46  4:30  Shield Battery  
  47  4:36  Probe  
  48  4:48  Colossus (Chrono Boost)  
  50  4:59  Extended Thermal Lance (Chrono Boost)  
  51  5:19  Zealot x2  
  52  5:46  Stalker x2  
  56  6:03  Gateway  
  57  6:04  Probe  
  57  6:05  Probe  
  57  6:11  Zealot  
  60  6:13  Zealot  
  62  6:19  Pylon  
  60  6:35  Stalker  
  58  6:43  Zealot  
  44  7:00  Colossus (Chrono Boost)  
  38  7:03  Probe  
  38  7:04  Probe  
  34  7:09  Adept x2  
  34  7:10  Sentry  
  40  7:16  Probe  
  41  7:23  Probe  
  41  7:28  Probe  
  43  7:35  Stalker x2  
  43  7:36  Stalker  
  44  7:58  Zealot  
  44  7:59  Zealot x2  
  46  8:09  Disruptor (Chrono Boost)  
  35  8:24  Stalker, Sentry  
  39  8:28  Stalker  
  39  8:41  Nexus  
  39  8:48  Observer (Chrono Boost)  
  40  8:50  Pylon  
  40  9:03  Immortal  
  44  9:12  Adept  
  44  9:15  Adept  
  48  9:28  Stalker  
  47  9:52  Zealot x2  
  39  10:08  Observer  
  39  10:20  Stalker  
  39  10:21  Stalker x2  
  43  10:48  Adept  
  43  10:49  Adept x2, Disruptor (Chrono Boost)  
  35  11:17  Adept  
  35  11:18  Adept x2  
  37  11:38  Adept x2  
  35  11:40  Sentry  
  33  12:02  Stalker  
  33  12:07  Stalker  
Tags
 
Add a new tag
Caveats
  • Supply blocks, unpowered buildings, or Contaminate may cause inaccurate times.
  • Supply counts are checked every 10 seconds.